 Dungeon Crawl Stone Soup version 0.31.0-1-g2c135a008e (webtiles) character file.

Game seed: 9810421859782099669

37 qw the Shooter (level 3, 0/28 HPs)
             Began as a Djinni Hunter on Jan 24, 2024.
             Slain by Sigmund
             ... wielding a +0 scythe
              (10 damage)
             ... on level 2 of the Dungeon.
             The game lasted 00:00:03 (578 turns).

qw the Shooter (Djinni Hunter)                       Turns: 578, Time: 00:00:03

Health: 0/28       AC:  5    Str: 10    XL:     3   Next: 60%
Gold:   63         EV: 11    Int: 10    God:
                   SH:  0    Dex: 18

rFire   + + .        a - +0 shortbow
rCold   x . .        (shield currently unavailable)
rNeg    . . .        d - +0 ring mail
rPois   inf          (no helmet)
rElec   .            (no cloak)
rCorr   .            (no gloves)
SInv    .            (boots unavailable)
Will    .....        (no amulet)
Stlth   +            (no ring)
HPRegen 0.24/turn    (no ring)
MPRegen 0.00/turn

%: infuse magic (-1 HP)
@: flying
A: sickness immunity, fire resistance 2, cold vulnerability 1, float, innate
caster, HP casting, extra vitality 1
a: no special abilities


You were on level 2 of the Dungeon.
You visited 1 branch of the dungeon, and saw 2 of its levels.

You collected 63 gold pieces.


Innate Abilities, Weirdness & Mutations

You are immune to sickness and miasma.
You are immune to poison.
Your flesh is very heat resistant. (rF++)
You are vulnerable to cold. (rC-)
You float through the air rather than walking.
You learn spells naturally, not from books.
Your magical power is your life essence.
You have superior vitality. (+4 MHP)


   Skills:
 - Level 2.3 Fighting
 - Level 4.0 Ranged Weapons
 + Level 0.7 Armour
 - Level 2.1 Dodging
 - Level 0.7 Stealth


You knew the following spells:

 Your Spells              Type           Power      Damage    Failure   Level
a - Kiss of Death         Conj/Necr      0%         2d5       69%         1
Your spell library was empty.

Inventory:

Hand Weapons
 a - a +0 shortbow (weapon)
Armour
 d - a +0 ring mail (worn)
Scrolls
 e - 2 scrolls of identify

Dungeon Overview and Level Annotations

Branches:
Dungeon (2/15)

Altars:

Shops:
D:1 [

Annotations:
D:2 Sigmund


Message History

You shoot an arrow. The arrow closely misses the quokka.
You shoot an arrow. The arrow hits the quokka.
The quokka is almost dead.
Found a scroll of identify.
You shoot an arrow. The arrow completely misses the quokka.
The quokka bites you but does no damage.
You shoot an arrow. The arrow closely misses the quokka.
The quokka closely misses you.
You shoot an arrow. The arrow hits the quokka.
You kill the quokka!
You see here a hobgoblin corpse.
e - 2 scrolls of identify (gained 1) Sigmund the Dreaded comes into view.
He is wielding a +0 scythe.
Sigmund shouts!
A bat comes into view.
Sigmund gestures at you while chanting. The puff of flame hits you. You resist.
You shoot an arrow. The arrow closely misses the bat.
The bat misses you.
You shoot an arrow. The arrow hits the bat!
You kill the bat!
Sigmund gestures wildly while chanting.
Sigmund flickers and vanishes!
Deactivating autopickup; reactivate with Ctrl-A.
You shoot an arrow. You shoot an arrow. You shoot an arrow. Something hits you.
You shoot an arrow. Something barely misses you.
You shoot an arrow. Something hits you.
You shoot an arrow. You shoot an arrow. Something hits you.
You shoot an arrow. Something hits you.
You shoot an arrow. Something hits you!
You die...

.... #....)........#
.....####.##.......#
...........+.......#
###+#######...##.......#
..........#.####....<..#
..........#.############
#........#....#
#........#.####
#..#[.@.%#.# #.......#
#..#.#### #....#.#
####.#.# #...# #####


There were no monsters in sight!

Vanquished Creatures
  3 ball pythons (D:1)
  3 endoplasms (D:1)
  6 goblins
  3 hobgoblins
  3 jackals (D:1)
  2 kobolds
  4 quokkas
  2 bats (D:2)
  2 frilled lizards (D:1)
  4 rats (D:1)
32 creatures vanquished.

Notes
Turn   | Place    | Note
-------+----------+-------------------------------------------
     0 | D:1      | qw the Djinni Hunter began the quest for the Orb.
     0 | D:1      | Reached XP level 1. HP: 18/18 MP: 0/0
     0 | D:1      | 0 ||| qw: Version: 0.3-a-136-gdd3b4e8
     0 | D:1      | 0 ||| qw: Game counter: 1199
     0 | D:1      | 0 ||| qw: Melee chars always use a shield: true
     0 | D:1      | 0 ||| qw: God list: Okawaru
     0 | D:1      | 0 ||| qw: Allow faded altars: false
     0 | D:1      | 0 ||| qw: Do Orc after clearing Dungeon:15 true
     0 | D:1      | 0 ||| qw: Do second Lair branch before Depths: true
     0 | D:1      | 0 ||| qw: Lair rune preference: random
     0 | D:1      | 0 ||| qw: Goals: Normal
     0 | D:1      | 0 ||| PLANNING D:1-11
    74 | D:1      | Found Izxoygou's Armour Shoppe.
    76 | D:1      | Found a faded altar of an unknown god.
    82 | D:1      | 82 ||| SHOPLISTING +0 pair of gloves of infusion (115 gold,
                  | have 27).
    82 | D:1      | 82 ||| SHOPLISTING +1 helmet of see invisible (165 gold,
                  | have 27).
    95 | D:1      | Reached XP level 2. HP: 21/23 MP: 0/0
   223 | D:1      | Reached XP level 3. HP: 28/28 MP: 0/0
   223 | D:1      | Learned a level 1 spell: Kiss of Death
   227 | D:1      | Reached skill level 4 in Ranged Weapons
   453 | D:1      | 453 ||| UPGRADING to +0 ring mail.
   463 | D:1      | 463 ||| DROPPING +0 leather armour.
   464 | D:1      | 464 ||| READING 2 scrolls labelled JUCIEH JEPEOS.
   464 | D:1      | 464 ||| IDENTIFYING 2 smoky coppery potions
   465 | D:1      | 465 ||| DROPPING scroll of butterflies.
   466 | D:1      | 466 ||| DROPPING 2 potions of brilliance.
   489 | D:2      | 489 ||| STAIRDANCE
   567 | D:2      | Noticed Sigmund
   578 | D:2      | Slain by Sigmund

Levels and vault maps discovered:
D:1:      dpeg_arrival_arbitrary_c, layout_basic, serial_shops, shop,
          ebering_ecumenical_altar_box
D:2:      layout_basic, chequers_mini_garden, minmay_misc_feat_columns,
          uniq_sigmund

Skill      XL: |  1  2  3 |
---------------+----------+-----
Ranged Weapons | 4 |  4.0
Fighting       | |  2.3
Armour         | |  0.7
Dodging        | |  2.1
Stealth        | |  0.7

Action                     || total
---------------------------++-------
   Fire: Shortbow          ||   100
    Use: Scroll            ||     1
 Armour: Leather armour    ||    15
         Ring mail         ||    10
  Dodge: Dodged            ||    23

Table legend:
 A = Non-vault XP
 B = Vault XP
 C = Vault XP percentage of total XP
 D = Non-vault monster count
 E = Vault monster count
 F = Vault count percentage of total count
                 A         B        C        D         E       F
            +---------+---------+-------+---------+---------+-------
      Total |      53 |       0 |   0.0 |      32 |       0 |   0.0
            +---------+---------+-------+---------+---------+-------
        D:1 |      43 |       0 |   0.0 |      25 |       0 |   0.0
        D:2 |      10 |       0 |   0.0 |       7 |       0 |   0.0
            +---------+---------+-------+---------+---------+-------
